[Event "French-ch U12-U14 2024"]
[Site "Agen"]
[Date "2024.04.18"]
[Round "6.19"]
[White "Boulos, Paul"]
[Black "Plaidit, Hugo"]
[Result "1/2-1/2"]
[ECO "B44"]
[WhiteElo "2189"]
[BlackElo "1981"]
[Annotator "TA"]
[PlyCount "78"]
[EventDate "2024.04.14"]
[EventType "swiss"]
[EventCountry "FRA"]
[SourceTitle "playchess.com"]
[Source "ChessBase"]
[SourceQuality "1"]
[TimeControl "5400+30"]

1. e4 c5 2. Nf3 e6 3. d4 cxd4 4. Nxd4 Nf6 5. Bd3 Nc6 6. Nxc6 bxc6 7. c4 d5 8. exd5 cxd5 9. cxd5 Nxd5 10. O-O Be7 11. Qe2 O-O 12. Rd1 Bb7 13. Qe4 (13. Nc3 $11) 13... g6 $15 14. Bh6 {[%emt 0:01:07] [#]} Nc3 $1 15. Qxb7 Nxd1 16. Bxf8 ({Don't go for} 16. Qb3 $2 Nxf2 17. Kxf2 Rb8 $19) 16... Bxf8 17. Nc3 ({But not} 17. Qb3 $2 Nxf2 (17... Nxb2 $2 18. Ba6 $19) 18. Kxf2 Rb8 $19) 17... Nxc3 18. bxc3 Rc8 19. c4 Bc5 ({Black should play} 19... Rb8 $17 20. Qxa7 Bg7) 20. Rd1 (20. Rb1 $15) 20... Rb8 $17 21. Qf3 Qg5 22. Bc2 (22. Qe2 $15) 22... Kg7 $2 {[%emt 0:04:46] [#]} (22... Rb2 $19 23. Qc3 Rxa2) 23. Rd7 Qf6 (23... Be7 {feels hotter.} 24. g3 Rb2 25. Bb3 h5) 24. Qxf6+ Kxf6 $11 {[%emt 0:00:03][%mdl 4096] Endgame. KRB-KRB} 25. Bb3 $1 Bb6 26. Kf1 Rc8 27. Ke2 Rc5 28. f3 Re5+ 29. Kd2 Rg5 30. g4 Re5 31. Rb7 h5 32. h3 h4 $1 33. Bc2 Ra5 34. a4 Rc5 35. Bd3 Rc7 36. Rxc7 {[%emt 0:00:54] The position is equal.} Bxc7 37. Ke3 Bb6+ 38. Ke4 g5 39. f4 gxf4 {[%emt 0:00:44] Weighted Error Value: White=0.16 (very precise) /Black=0.17 (very precise) .  Missed win:     	---       	Black=1      Mistake:       	White=3     	Black=1      Inaccurate:     	White=4     	Black=1      OK:         	White=11    	Black=10     Best:        	White=1     	Black=2      Strong:       	White=1     	Black=1      Brilliant:      	---       	Black=1} 1/2-1/2

[Event "French-ch U12-U14 2024"]
[Site "Agen"]
[Date "2024.04.18"]
[Round "6.20"]
[White "Auribault, Louis"]
[Black "El Zein, Zayne-Eddine"]
[Result "1-0"]
[ECO "E06"]
[WhiteElo "2137"]
[BlackElo "1959"]
[Annotator "TA"]
[PlyCount "73"]
[EventDate "2024.04.14"]
[EventType "swiss"]
[EventCountry "FRA"]
[SourceTitle "playchess.com"]
[Source "ChessBase"]
[SourceQuality "1"]
[TimeControl "5400+30"]

1. Nf3 d5 2. d4 Nf6 3. c4 e6 4. g3 Be7 5. Bg2 O-O 6. O-O dxc4 7. Qc2 c6 8. Qxc4 b5 9. Qc2 Qb6 10. Bg5 Bb7 {[%emt 0:03:49] White is slightly better.} 11. Nbd2 Nbd7 12. Ne5 {[%emt 0:06:18] Hoping for Nxd7.} Rfd8 (12... Qxd4 $11 {keeps the balance.} 13. Ndf3 (13. Nxc6 Bxc6 14. Be3 Qe5 $14) 13... Qc5 14. Qxc5 Bxc5 (14... Nxc5 15. Nd4 $14)) 13. Nb3 $16 {[%emt 0:08:34] White has more active pieces.} (13. Bxc6 $2 Rac8 14. Ndc4 Rxc6 (14... bxc4 $2 15. Bxd7 Rxd7 16. Bxf6 $19) 15. Nxb6 Rxc2 $19) (13. Nxd7 {simplifies} Rxd7 14. Nb3 a5 15. Bxf6 Bxf6 16. e3) 13... Rac8 14. Rac1 (14. Nxd7 {simplifies} Rxd7 15. Rac1 h6 16. Bxf6 Bxf6 17. e3) 14... Nb8 15. a3 Nd5 (15... a5 $16) 16. Bxe7 (16. Nxf7 Kxf7 17. h4 (17. Bxe7 Nxe7 18. Rfe1 Ng6 $15) 17... Kg8 $15) 16... Nxe7 17. e3 ({Much weaker is} 17. Nxf7 $6 Kxf7 18. Qxh7 Rh8 $11) 17... Ba8 (17... Nd7 $16 {was called for.}) 18. Nc5 $18 ({Not} 18. Nxf7 Kxf7 19. Qxh7 Rh8 $14) 18... a5 (18... Na6 $142 19. Ne4 h6) 19. Bh3 {[%emt 0:01:53][%cal Oe5f7] Threatens to win with Nxf7!} (19. Nxf7 Kxf7 20. Qxh7 Nd7 21. Qh5+ Kg8 $16) 19... g6 $2 (19... Rf8 {is a better defense.} 20. Ned7 Nxd7) 20. Qe4 {[%emt 0:02:46][%cal Oe5f7] Nxf7! would now be deadly.} Nf5 {[%emt 0:06:18] [#]} 21. Nxf7 $1 Kxf7 22. Qxe6+ Kg7 23. Qe5+ Kg8 24. Bxf5 gxf5 25. Qe6+ Kh8 26. Qf6+ Kg8 27. Ne6 Rd7 {[%emt 0:01:06] Dodges Qg7+} 28. Qg5+ Kh8 29. Qxf5 {[%emt 0:01:05] aiming for Qf6+. Black is weak on the dark squares} Re8 $2 (29... Qb7 30. Qf6+ Rg7 31. Qxg7+ Qxg7 32. Nxg7 Kxg7) 30. Qf6+ Kg8 31. Rc5 Qxc5 32. dxc5 Bb7 33. Kg2 {[%emt 0:00:25][%cal Of1d1] Threatening mate with Rd1!} Bc8 {[%emt 0:00:18] [#]} 34. Rd1 $3 {[%emt 0:00:06][%mdl 512] Intending Rxd7 and mate.} Rde7 (34... Rxe6 35. Qxe6+) 35. Qg5+ {[%emt 0:00:33] White mates.} Kf7 36. Qg7+ Kxe6 37. Rd6+ {[%emt 0:00:06] Black got outplayed after the opening.   Weighted Error Value: White=0.23 (precise) /Black=0.55.  Mistake:       	---       	Black=6      Inaccurate:     	White=2     	---        OK:         	White=13    	Black=6      Best:        	White=3     	Black=3} 1-0

[Event "French-ch U12-U14 2024"]
[Site "Agen"]
[Date "2024.04.19"]
[Round "7.1"]
[White "Benhadid, Jeilynn"]
[Black "Alcantara, Levanah"]
[Result "0-1"]
[ECO "D35"]
[WhiteElo "1844"]
[BlackElo "1756"]
[Annotator "NA RC COMBH"]
[PlyCount "72"]
[EventDate "2024.04.14"]
[EventType "swiss"]
[EventCountry "FRA"]
[SourceTitle "playchess.com"]
[Source "ChessBase"]
[SourceQuality "1"]
[TimeControl "5400+30"]

1. d4 d5 2. c4 e6 3. Nc3 Be7 4. cxd5 exd5 5. Bf4 Nf6 6. e3 O-O 7. Bd3 a6 8. Nge2 Nbd7 9. O-O c5 10. Rc1 b5 11. a3 Bb7 12. Bb1 Qb6 13. dxc5 Nxc5 14. b4 Ne6 15. Bg3 Rfd8 16. Nd4 Nxd4 17. exd4 Rac8 18. f3 Rc4 19. Ne2 Rdc8 20. Qd2 a5 21. Ba2 Rxc1 22. Rxc1 axb4 23. axb4 Qa6 24. Rxc8+ Bxc8 25. Bb3 Bf5 26. Nf4 Qa3 27. Bxd5 Bxb4 28. Qe2 Nxd5 29. Nxd5 Qa1+ 30. Kf2 Qxd4+ 31. Ne3 Bc5 32. Bf4 Qxf4 33. g3 Qxe3+ 34. Qxe3 Bxe3+ 35. Kxe3 Kf8 36. Kd4 Bd7 0-1

[Event "French-ch U12-U14 2024"]
[Site "Agen"]
[Date "2024.04.19"]
[Round "7.4"]
[White "Dermoum, Lina"]
[Black "Duchatel, Cyrielle"]
[Result "0-1"]
[ECO "A07"]
[WhiteElo "1405"]
[BlackElo "1646"]
[Annotator "NA RC COMBH"]
[PlyCount "56"]
[EventDate "2024.04.14"]
[EventType "swiss"]
[EventCountry "FRA"]
[SourceTitle "playchess.com"]
[Source "ChessBase"]
[SourceQuality "1"]
[TimeControl "5400+30"]

1. Nf3 d5 2. g3 e6 3. Bg2 Nf6 4. O-O Be7 5. e3 O-O 6. d4 b6 7. Nc3 Nbd7 8. Re1 Bb7 9. Qd3 c5 10. Ne5 Nxe5 11. dxe5 Nd7 12. f4 a6 13. Ne2 b5 14. c3 Bc6 15. Bd2 a5 16. a3 c4 17. Qc2 Nc5 18. b4 cxb3 19. Qb1 a4 20. Nd4 Be8 21. e4 dxe4 22. Bxe4 Nxe4 23. Qxe4 Bc5 24. Be3 Bxd4 25. Bxd4 Rc8 26. Red1 Bc6 27. Qe3 Qd5 28. Qf2 Qh1# 0-1

[Event "French-ch U12-U14 2024"]
[Site "Agen"]
[Date "2024.04.19"]
[Round "7.5"]
[White "Le Floch, Alexia"]
[Black "Findeling Creus, Anais"]
[Result "1-0"]
[ECO "D63"]
[WhiteElo "1641"]
[BlackElo "1491"]
[Annotator "NA RC COMBH"]
[PlyCount "145"]
[EventDate "2024.04.14"]
[EventType "swiss"]
[EventCountry "FRA"]
[SourceTitle "playchess.com"]
[Source "ChessBase"]
[SourceQuality "1"]
[TimeControl "5400+30"]

1. d4 d5 2. c4 e6 3. Nc3 Nf6 4. Nf3 Be7 5. Bg5 O-O 6. e3 b6 7. cxd5 exd5 8. Be2 Bb7 9. O-O Nbd7 10. Rc1 c5 11. dxc5 bxc5 12. Qb3 Nb6 13. Rfd1 Rc8 14. Rd2 Qd7 15. Ne5 Qe6 16. Ng4 Rfd8 17. Nxf6+ Bxf6 18. Bxf6 Qxf6 19. Rcd1 d4 20. exd4 cxd4 21. Nb5 Qg5 22. Qg3 Qxg3 23. hxg3 Ba6 24. Nxd4 Bc4 25. b3 Bxe2 26. Nxe2 Rxd2 27. Rxd2 Kf8 28. Kf1 Ke7 29. Nf4 Rd8 30. Rc2 g6 31. a4 Rc8 32. Re2+ Kd7 33. Rd2+ Ke7 34. Nd5+ Ke6 35. Nxb6 axb6 36. Re2+ Kd6 37. Rd2+ Ke6 38. Ke2 Rc3 39. Rb2 Kd5 40. Kd2 Kd4 41. b4 Ra3 42. a5 bxa5 43. b5 Kc5 44. b6 Ra4 45. b7 Rd4+ 46. Kc1 Rd8 47. b8=Q Rxb8 48. Rxb8 a4 49. Kb2 Kd4 50. Ka3 Kd3 51. Kxa4 Ke2 52. Rb2+ Kf1 53. f3 Kg1 54. Kb5 Kh2 55. g4 Kg3 56. Kc6 h5 57. gxh5 gxh5 58. Kd6 h4 59. Ke7 h3 60. gxh3 Kxh3 61. Kxf7 Kg3 62. Rb3 Kf4 63. Kf6 Kg3 64. Kf5 Kh3 65. f4+ Kh4 66. Ke6 Kg4 67. f5 Kg5 68. f6 Kg4 69. f7 Kg5 70. f8=Q Kg4 71. Rb7 Kg5 72. Rg7+ Kh5 73. Qh8# 1-0

[Event "French-ch U12-U14 2024"]
[Site "Agen"]
[Date "2024.04.19"]
[Round "7.7"]
[White "El Zein, Bassam"]
[Black "Sagi, Elisha"]
[Result "1-0"]
[ECO "A46"]
[WhiteElo "1924"]
[BlackElo "1896"]
[Annotator "TA"]
[PlyCount "65"]
[EventDate "2024.04.14"]
[EventType "swiss"]
[EventCountry "FRA"]
[SourceTitle "playchess.com"]
[Source "ChessBase"]
[SourceQuality "1"]
[TimeControl "5400+30"]

1. Nf3 Nf6 2. g3 b5 3. Bg2 Bb7 4. O-O e6 5. d4 c5 6. c3 Nc6 7. a4 b4 8. Bg5 cxd4 9. Nxd4 {[%emt 1:21:16] The position is equal.} d5 10. a5 Nxd4 (10... a6 $11 {remains equal.}) 11. Qxd4 $16 h6 12. Bf4 {[%emt 0:00:00] White is more active.} Qe7 (12... bxc3 $16 {was necessary.} 13. Nxc3 Bc6) 13. Bd2 (13. a6 $18 Bc6 14. Rc1) 13... bxc3 14. Nxc3 Qc5 {[%emt 0:05:28] [#]} (14... Qd7 $14) 15. Qd3 $1 {[%emt 0:00:00] Rac1 would now be deadly.} Bc6 $2 {[%emt 0:04:05][%mdl 8192] [#] This costs Black the game.} (15... a6 $16 {is a better defense.} 16. Rfc1 Qd6) 16. b4 $1 $18 Qd6 ({Much weaker is} 16... Qxb4 17. Nxd5 Qb7 18. Nxf6+ gxf6 19. Rab1 $18) 17. b5 Bd7 18. Bf4 Qc5 19. Rfc1 {[%emt 0:00:00][%cal Oc3d5,Bf1c1,Bc1b1,Bb1b6,Bb6b8][%mdl 32] Hoping for Nxd5!} Qb4 (19... Ng4 $142 20. Qf3 h5) 20. Rcb1 Qc5 21. Na4 Qc8 22. b6 axb6 23. Nxb6 Qc6 24. Nxa8 Bd6 {[%emt 0:00:04] Against Rb8+} 25. Rb6 Qxa8 26. Bxd6 Bc8 27. Rb8 Qc6 28. a6 Kd7 {[%emt 0:01:56] [#]} 29. a7 $1 Bb7 (29... Kxd6 30. a8=Q) 30. Rxh8 Ne8 {[%emt 0:00:27] [#]} 31. Rxe8 $1 {[%emt 0:00:00] White mates.} Kxe8 32. Qa3 Ba8 33. Rc1 {[%emt 0:00:00] Weighted Error Value: White=0.06 (flawless) /Black=0.95.  Loses game:     	---       	Black=1      Mistake:       	White=1     	Black=4      OK:         	White=7     	Black=5      Strong:       	White=2     	---} 1-0

[Event "French-ch U12-U14 2024"]
[Site "Agen"]
[Date "2024.04.19"]
[Round "7.9"]
[White "Lequang, Enzo"]
[Black "Aeschbacher, Dimitri"]
[Result "1-0"]
[ECO "D05"]
[WhiteElo "1807"]
[BlackElo "1959"]
[Annotator "TA"]
[PlyCount "68"]
[EventDate "2024.04.14"]
[EventType "swiss"]
[EventCountry "FRA"]
[SourceTitle "playchess.com"]
[Source "ChessBase"]
[SourceQuality "1"]
[TimeControl "5400+30"]

1. d4 Nf6 2. Nf3 e6 3. e3 c5 4. Bd3 Nc6 5. O-O Be7 6. Nbd2 O-O 7. c3 d5 8. b3 b6 9. Bb2 Bb7 10. Qe2 {[%emt 0:00:32] The position is equal.} a5 11. a3 a4 {[%emt 0:03:09] White should prevent ...axb3.} 12. b4 Re8 (12... c4 $15 13. Bc2 Nb8) 13. Bb5 $11 Qc8 14. Rfc1 Rd8 15. Qd1 (15. c4 $14) 15... Ne4 (15... e5 $1 $11 {remains equal.}) 16. Bxa4 f5 (16... Nxd2 $14 17. Nxd2 e5) 17. Bxc6 (17. c4 $16) 17... Bxc6 $14 18. bxc5 Ba4 19. Qe2 bxc5 20. c4 Rb8 21. Rab1 Qa6 22. Nxe4 dxe4 23. Ne5 Rb3 {[%emt 0:01:38] Hoping for ...Rdb8.} 24. dxc5 {[%emt 0:04:15] Bd4 would now be deadly.} Rdb8 $1 {[%emt 0:01:24][%cal Oe7f6] And now ...Bf6! would win.} 25. Rc2 $2 ({Only move:} 25. c6 $1 $11 Bxc6 26. Qc2) 25... Qb7 $2 {[%emt 0:02:55] [#]} (25... Bxc5 $17 {[%cal Oa6b7] White must now prevent ...Qb7!} 26. Rf1 Qd6) 26. c6 $11 Qc7 {[%emt 0:05:16][%cal Oc7e5] Threatens to win with ...Qxe5!} (26... Bxc6 {simplifies} 27. Nxc6 Qxc6 28. Rd1 Bxa3 29. Bxa3 Rxa3 30. h3 Qc5) 27. f4 (27. Nd7 $14 {keeps the upper hand.} Ra8 28. Rc3 Rxc3 29. Bxc3 Bxc6 30. Ne5 Bxa3 31. Rb3) 27... Bc5 $1 $19 28. Kh1 $2 (28. Nd7 Rxe3 29. Qf2 Bxc2 (29... Bxa3 $2 30. Qxe3 Rd8 31. Qxa3 $18) 30. Nxc5 Bxb1 31. Be5) 28... Rxe3 29. Qd2 Bxc2 30. Qxc2 Qa5 (30... Bxa3 $2 31. Bd4 Rxb1+ 32. Qxb1 $16) 31. Qc1 {[%emt 0:03:30] [#] Repels Re1+} Rxb2 $2 32. c7 $15 Rxb1 $2 (32... Qxc7 $15 33. Qxb2 Bd6 (33... Rxa3 34. Qb8+ Qxb8 35. Rxb8+ Bf8 36. g3 $11)) 33. c8=Q+ (33. c8=R+ Bf8 34. Rxf8+ Kxf8 35. Nd7+ Kg8 36. g3 Rxc1+ 37. Kg2 Re2+ (37... Rxa3 38. Kh3 Qd2 39. Ne5) 38. Kh3 Rxh2+ (38... Rxc4 39. Ne5 Qxa3 40. Nd7 Qf3 41. Nf6+ gxf6 42. Kh4 Rxh2#) 39. Kxh2 Qd2+ 40. Kh3 Rh1#) 33... Bf8 34. Qxe6+ (34. Qxb1 $2 {is a self mate.} Re1+) 34... Kh8 {[%emt 0:00:14] White used his chance.   Weighted Error Value: White=0.61/Black=0.57.  Loses game:     	White=1     	---        Mistake:       	White=4     	Black=4      Inaccurate:     	White=6     	Black=2      OK:         	White=5     	Black=6      Best:        	White=1     	Black=1      Strong:       	---       	Black=2      Brilliant:      	White=1     	---} 1-0

[Event "French-ch U12-U14 2024"]
[Site "Agen"]
[Date "2024.04.19"]
[Round "7.10"]
[White "Lefol, Marius"]
[Black "Briquet, Tom"]
[Result "0-1"]
[ECO "C55"]
[WhiteElo "1948"]
[BlackElo "1809"]
[Annotator "TA"]
[PlyCount "122"]
[EventDate "2024.04.14"]
[EventType "swiss"]
[EventCountry "FRA"]
[SourceTitle "playchess.com"]
[Source "ChessBase"]
[SourceQuality "1"]
[TimeControl "5400+30"]

1. e4 e5 2. Nf3 Nc6 3. Bc4 d6 4. O-O Be7 5. c3 Nf6 6. Re1 O-O 7. Bb3 h6 8. d3 Kh8 9. Nbd2 Nh7 10. d4 exd4 (10... Bg4 $14) 11. cxd4 Bg4 12. Nf1 (12. Qc2 $14) 12... Ng5 13. Qd3 Bf6 (13... Bxf3 $11 14. gxf3 d5) 14. Nxg5 $16 Bxg5 15. f4 Bh4 16. g3 Bf6 17. Be3 h5 18. Kg2 h4 {[%emt 0:01:58] [#]} (18... Qd7 $16) 19. h3 $1 $18 Bd7 (19... Bc8 $142 20. g4 d5) 20. g4 d5 21. e5 (21. Bxd5 Nb4 22. Qb3 Nxd5 23. exd5 (23. Qxd5 Bc6 $11) 23... c6 $11) 21... Be7 22. f5 (22. Bxd5 $2 Nb4 23. Qe2 Nxd5 $19) 22... f6 23. e6 (23. Bxd5 $2 Nb4 24. Qc4 Nxd5 $19) 23... Be8 24. Qe2 (24. Bf2 $18) 24... Qd6 (24... g5 $16 {was necessary.} 25. Rad1 Na5) 25. Bc2 Nb4 (25... Qb4 $16) 26. Bb1 g5 $2 (26... c5 27. dxc5 Qc7) 27. fxg6 Kg7 28. a3 Nc6 29. Qd3 {[%emt 0:00:00][%cal Oe3h6] Threatens to win with Bh6+!} a6 (29... Rh8 $142 30. Kh1 Qd8) 30. Qf5 (30. Bh6+ $142 Kxh6 31. g7 Nxd4 32. gxf8=Q+ (32. gxf8=R Bxf8 33. Qxd4 Qe7 $18) 32... Bxf8 33. Qxd4) 30... Rh8 31. Rd1 (31. Qf2 $142) 31... Na5 $2 (31... Nd8 32. Bf4 Qb6) 32. b4 Nc4 {[%emt 0:00:15] aiming for ...Nxe3+.} 33. Bf4 Qd8 34. Nd2 (34. Ne3 $142) 34... b5 $2 (34... Nd6 35. Qd3 (35. Qxd5 $2 Bc6 $19) 35... a5) 35. Rf1 {[%emt 0:00:00] Nxc4 would now be deadly.} a5 $2 (35... Nd6) 36. Nxc4 bxc4 {[%emt 0:00:11] [#]} 37. g5 $1 axb4 (37... Kg8 38. gxf6) 38. gxf6+ Bxf6 {[%emt 0:00:06] [#]} 39. Bxc7 $1 Qe7 {[%emt 0:00:48] [#]} 40. Bd6 $1 Qxd6 41. Qxf6+ Kg8 42. Bf5 $2 (42. Rf3 {White wants to mate with g7.} Rh6 43. Qg5) 42... Rh5 43. Bg4 Rh6 44. axb4 Rxg6 45. Qxg6+ $2 (45. Rxa8 Rxf6 (45... Qg3+ 46. Kh1 $11) 46. Rxf6 Qg3+ 47. Kf1 Qd3+ 48. Ke1 Qe4+ 49. Kf1 Qd3+ 50. Kg2 Kg7 $11 (50... Qg3+ 51. Kf1 $11)) ({White should play} 45. Qxh4 $18 Rxa1 46. Rxa1) 45... Bxg6 $11 46. Rxa8+ Kg7 47. Ra7+ $2 (47. Ra3 $1 $11 {and White has nothing to worry.}) 47... Kh6 $19 48. Ra3 {[%emt 0:00:00] Inhibits Qg3+.} (48. Rf3 Be4 (48... Qxb4 49. e7 $11) 49. e7 Qg3+ (49... Bxf3+ 50. Kxf3 Qg3+ 51. Ke2 $11) 50. Kf1 Bxf3 $19 (50... Bd3+ 51. Rxd3 Qxd3+ 52. Kg2 $15)) 48... Bd3 $2 (48... Qxb4 $19 49. Ra2 c3) 49. Rf6+ $11 Kg5 {[%emt 0:00:11] Dancing on a razor blade.} 50. Rxd3 (50. Rf3 Be4 (50... Qxb4 51. Rfxd3 Qb2+ 52. Kh1 $11) 51. Kf1 Qxb4) 50... cxd3 {[%emt 0:00:18][%mdl 12288] Endgame. KQ-KRB} (50... Kxf6 $11 51. Rf3+ Ke7) 51. Rf5+ $18 Kg6 52. Re5 {[%emt 0:00:00] e7 would kill now.} Qe7 53. Rxd5 $2 (53. b5 $18 {[%cal Ob5b6] And now b6! would win.} d2 54. Bd1 (54. b6 Qa3 $11)) 53... Qb7 54. Bf3 {[%emt 0:00:00] Intending Be4+ and mate.} d2 (54... Qxb4 $5 55. Re5 $8 Qb2+ (55... Qxd4 56. Bh5+ Kh7 57. e7 $11) 56. Kh1 Qf2 (56... Qxd4 57. Bh5+ Kf6 58. e7 $11) 57. Bh5+ Kh6 $11 (57... Kf6 58. e7 $11)) 55. e7 $2 Qxe7 $19 ({Not} 55... Qxb4 56. e8=Q+ (56. e8=R Qa3 $14) 56... Kf6 57. Bh5 (57. Qe5+ Kg6 58. Qg5+ Kh7 59. Be4+ Kh8 60. Qf6+ Kg8 61. Rg5#) 57... Kg7 58. Qg6+ Kh8 59. Qh6+ Kg8 60. Rg5#) 56. Re5 Qxb4 57. Re6+ Kf7 58. Ra6 Qxd4 {[%emt 0:00:00] Black mates.} 59. Bd1 Qe4+ 60. Kh2 Qf4+ 61. Kg2 Qg3+ {[%emt 0:00:00] Weighted Error Value: White=0.89/Black=0.67.  Loses game:     	White=2     	Black=1      Missed win:     	White=1     	Black=1      Mistake:       	White=3     	Black=10     Inaccurate:     	White=5     	Black=1      OK:         	White=11    	Black=8      Best:        	White=5     	Black=6} 0-1

[Event "French-ch U12-U14 2024"]
[Site "Agen"]
[Date "2024.04.19"]
[Round "7.11"]
[White "Bernard, Ines"]
[Black "Castagnerol, Cerise"]
[Result "1-0"]
[ECO "C00"]
[WhiteElo "1981"]
[BlackElo "1755"]
[Annotator "TA"]
[PlyCount "65"]
[EventDate "2024.04.14"]
[EventType "swiss"]
[EventCountry "FRA"]
[SourceTitle "playchess.com"]
[Source "ChessBase"]
[SourceQuality "1"]
[TimeControl "5400+30"]

1. e4 e6 2. d3 d5 3. Qe2 dxe4 4. dxe4 e5 5. Nf3 Nc6 6. c3 Nf6 7. Qc2 Be6 8. Bb5 Bd6 9. Bxc6+ bxc6 {[%emt 0:00:01] The position is equal.} 10. O-O O-O 11. Bg5 Qe7 12. Nbd2 Rab8 13. Rfd1 Rb6 14. c4 Bg4 (14... c5 $14) 15. Rac1 ({Better is} 15. Bxf6 $16 gxf6 16. h3) 15... Bc5 (15... Bb4 $11) 16. Nb3 $14 Rfb8 17. Qd3 Bb4 18. Rb1 ({White should play} 18. c5 $14 Rb5 19. h3) 18... Qe8 (18... h6 $11 19. Be3 R6b7) 19. h3 {[%emt 0:06:58][%cal Og5f6] [#] And now Bxf6! would win.} Bxf3 $1 20. Qxf3 Be7 21. Bxf6 Bxf6 22. Qc3 {[%emt 0:00:59] White is more active.} Rb4 $2 {[%emt 0:03:58] Loses the game.} (22... Qe7 $14) 23. Nc5 $18 Qc8 24. a3 R4b6 25. Nd7 Rb3 26. Qc2 Be7 27. Nxb8 Qxb8 28. Rd3 Rb7 29. Qc3 f6 (29... Bf6 $142 30. Rbd1 Kf8) 30. b4 {[%emt 0:02:39] c5 is the strong threat.} a5 {[%emt 0:01:13] [#]} 31. b5 $1 cxb5 (31... Qe8 32. Qxa5) 32. cxb5 Rxb5 (32... Kf8 $18 33. a4 (33. Qxa5 Bc5 $18) 33... Bd6) 33. Qc4+ {[%emt 0:00:27] Weighted Error Value: White=0.26 (precise) /Black=0.74.  Loses game:     	---       	Black=1      Mistake:       	White=2     	Black=5      Inaccurate:     	White=3     	Black=2      OK:         	White=4     	Black=5      Best:        	White=2     	---        Strong:       	---       	Black=1} 1-0

[Event "French-ch U12-U14 2024"]
[Site "Agen"]
[Date "2024.04.19"]
[Round "7.13"]
[White "Pereira Garza, Cecilia"]
[Black "Dubin, Lisa"]
[Result "*"]
[ECO "D31"]
[WhiteElo "1725"]
[BlackElo "1711"]
[Annotator "NA RC COMBH"]
[PlyCount "71"]
[EventDate "2024.04.14"]
[EventType "swiss"]
[EventCountry "FRA"]
[SourceTitle "playchess.com"]
[Source "ChessBase"]
[SourceQuality "1"]
[TimeControl "5400+30"]

1. d4 d5 2. c4 e6 3. Nc3 a6 4. cxd5 exd5 5. a4 Nf6 6. Nf3 Bd6 7. Bg5 Be6 8. e4 dxe4 9. Nxe4 Bb4+ 10. Nc3 O-O 11. Bd3 Bg4 12. O-O Be7 13. Bc2 Nc6 14. d5 Bxf3 15. Qxf3 Nd4 16. Qd3 Nxc2 17. Qxc2 Qd6 18. Rad1 Ng4 19. f4 Bxg5 20. Qe2 Qb6+ 21. Kh1 Ne3 22. fxg5 Rfe8 23. Rfe1 g6 24. Rc1 Qd4 25. Qf3 Ng4 26. Rf1 Re7 27. Rcd1 Qb4 28. d6 Rd7 29. Nd5 Qc4 30. Qxg4 Qxg4 31. Nf6+ Kf8 32. Nxg4 Rxd6 33. Rxd6 cxd6 34. Nh6 Rc8 35. Rxf7+ Ke8 36. h3 *

[Event "French-ch U12-U14 2024"]
[Site "Agen"]
[Date "2024.04.19"]
[Round "7.14"]
[White "Pauly, Juliette"]
[Black "Ourry, Elina"]
[Result "1-0"]
[ECO "D20"]
[WhiteElo "1617"]
[BlackElo "1678"]
[Annotator "NA RC COMBH"]
[PlyCount "41"]
[EventDate "2024.04.14"]
[EventType "swiss"]
[EventCountry "FRA"]
[SourceTitle "playchess.com"]
[Source "ChessBase"]
[SourceQuality "1"]
[TimeControl "5400+30"]

1. d4 d5 2. c4 dxc4 3. e4 e5 4. Nf3 exd4 5. Bxc4 Nc6 6. Qb3 Qe7 7. O-O h6 8. Bf4 b6 9. Bb5 Bd7 10. Rc1 Na5 11. Qd5 c6 12. Bxc6 Rc8 13. Bxd7+ Qxd7 14. Rxc8+ Qxc8 15. Qxd4 Nf6 16. Nc3 Be7 17. Rc1 Qb7 18. Nd5 Nxd5 19. exd5 Bf6 20. Qe4+ Qe7 21. Rc8+ 1-0

[Event "French-ch U12-U14 2024"]
[Site "Agen"]
[Date "2024.04.19"]
[Round "7.15"]
[White "Boumrar, Emma"]
[Black "Nicot, Anna"]
[Result "0-1"]
[ECO "C01"]
[WhiteElo "1665"]
[BlackElo "1649"]
[Annotator "NA RC COMBH"]
[PlyCount "122"]
[EventDate "2024.04.14"]
[EventType "swiss"]
[EventCountry "FRA"]
[SourceTitle "playchess.com"]
[Source "ChessBase"]
[SourceQuality "1"]
[TimeControl "5400+30"]

1. e4 e6 2. d4 d5 3. Bd3 Nf6 4. e5 Nfd7 5. c3 c5 6. Ne2 Nc6 7. Be3 Qb6 8. Qb3 cxd4 9. Qxb6 axb6 10. cxd4 Nb4 11. Nc1 Nxd3+ 12. Nxd3 f6 13. f4 Be7 14. Nc3 Kf7 15. O-O f5 16. a3 Nb8 17. Rac1 Nc6 18. Ra1 Bd7 19. b4 Rhc8 20. Ne2 Na7 21. Rfc1 Rxc1+ 22. Nexc1 Nb5 23. Nb3 Rxa3 24. Rxa3 Nxa3 25. Bd2 Nc2 26. Bc3 Bb5 27. Nbc1 g5 28. g3 g4 29. Kf2 Ke8 30. Kg1 Kd7 31. Kg2 h5 32. Kf2 Kc6 33. Ke2 Nxb4 34. Kd2 Nxd3 35. Nxd3 Bxd3 36. Kxd3 Kb5 37. Bd2 Ka4 38. Kc2 b5 39. Kb2 Ba3+ 40. Kb1 Kb3 41. Be1 Kc4 42. Bf2 Bb4 43. Kc2 Bc3 44. Kb1 Bxd4 45. Be1 Bg1 46. Kc2 Bxh2 47. Kb2 d4 48. Kc2 d3+ 49. Kc1 b4 50. Kb2 Bg1 51. Kc1 Be3+ 52. Kb2 d2 53. Bxd2 Bxd2 54. Kb1 Be1 55. Kc2 Bxg3 56. Kb2 h4 57. Kc2 h3 58. Kb1 h2 59. Kc2 h1=Q 60. Kb2 Qg2+ 61. Ka1 Kc3 0-1